 Dungeon Crawl Stone Soup version 0.28.0-47-ge53b351184 (webtiles) character file.

Game seed: 8542977731138539407

508 DearestLeader the Shield-Bearer (level 7, -7/60 HPs)
             Began as a Gnoll Fighter on Apr 25, 2022.
             Mangled by Duvessa
             ... wielding a +2 short sword of speed
              (18 damage)
             ... on level 4 of the Dungeon.
             The game lasted 00:03:26 (2849 turns).

DearestLeader the Shield-Bearer (Gnoll Fighter)     Turns: 2849, Time: 00:03:27

Health: -7/60      AC: 11    Str: 22    XL:     7   Next: 18%
Magic:  10/10      EV: 10    Int:  7    God:
Gold:   68         SH:  6    Dex: 15    Spells: 10/10 levels left

rFire   . . .      SeeInvis .   l - +4 hunting sling "Kuarghati" {vorpal, rN+ Str+5 Dex+3}
rCold   . . .      Faith    .   c - +0 buckler
rNeg    + . .      Spirit   .   b - +0 scale mail
rPois   .          Reflect  .   (no helmet)
rElec   .          Harm     .   k - +2 cloak
rCorr   .          Rampage  .   (no gloves)
Will    .....                   (no boots)
Stlth   +.........              (no amulet)
HPRegen 0.20/turn               h - ring of flight
MPRegen 0.12/turn               (no ring)

@: flying
A: fangs 1, strong nose, distributed training
a: no special abilities


You were on level 4 of the Dungeon.
You visited 1 branch of the dungeon, and saw 4 of its levels.

You collected 68 gold pieces.

Inventory:

Hand Weapons
 a - a +0 war axe
 l - the +4 hunting sling "Kuarghati" (weapon) {vorpal, rN+ Str+5 Dex+3}
   (You found it on level 2 of the Dungeon)

   Any ammunition fired from it inflicts extra damage upon your enemies.
   Str:       It affects your strength (+5).
   Dex:       It affects your dexterity (+3).
   rN:        It protects you from negative energy.
 p - a +0 whip of draining
Missiles
 m - 18 stones (quivered ammo)
Armour
 b - a +0 scale mail (worn)
 c - a +0 buckler (worn)
 k - a +2 cloak (worn)
Jewellery
 h - a ring of flight (left hand)
Wands
 n - a wand of digging (4)
 t - a wand of charming (10)
Scrolls
 e - a scroll of blinking {unknown}
 f - a scroll of vulnerability {unknown}
 i - 2 scrolls of teleportation {unknown}
 j - a scroll of silence {unknown}
 q - a scroll of enchant weapon {unknown}
 s - a scroll of amnesia
Potions
 d - a potion of might
 g - a potion of invisibility {unknown}
 o - a potion of degeneration {unknown}
 r - a potion of brilliance {unknown}


   Skills:
 + Level 7.0 Fighting
 + Level 2.3 Short Blades
 + Level 2.3 Long Blades
 + Level 5.1 Axes
 + Level 2.3 Maces & Flails
 + Level 2.3 Polearms
 + Level 2.3 Staves
 + Level 2.3 Slings
 + Level 2.3 Bows
 + Level 2.3 Crossbows
 + Level 2.3 Throwing
 + Level 7.0 Armour
 + Level 2.3 Dodging
 + Level 2.3 Stealth
 + Level 7.0 Shields
 + Level 2.3 Unarmed Combat
 + Level 2.3 Spellcasting
 + Level 1.9 Conjurations
 + Level 1.9 Hexes
 + Level 1.9 Summonings
 + Level 1.9 Necromancy
 + Level 1.9 Translocations
 + Level 1.9 Transmutations
 + Level 1.9 Fire Magic
 + Level 1.9 Ice Magic
 + Level 1.9 Air Magic
 + Level 1.9 Earth Magic
 + Level 1.9 Poison Magic
 + Level 2.5 Invocations
 + Level 2.3 Evocations


You had 10 spell levels left.
You didn't know any spells.
Your spell library was empty.

Dungeon Overview and Level Annotations

Branches:
Dungeon (4/15)
 Temple: D:4-7

Altars:

Annotations:
D:4 Duvessa


Innate Abilities, Weirdness & Mutations

You have very sharp teeth.
Your uncanny sense of smell can sniff out nearby items.
Your experience applies equally to all skills.


Message History

You shoot a stone. The stone barely misses Dowan.
Dowan casts a spell at you. You resist with some effort.
You shoot a stone.
The stone hits Dowan but does no damage.
Dowan is moderately wounded.
You shoot a stone. The stone barely misses Dowan.
You shoot a stone. The stone hits Dowan!
You kill Dowan!
You hear a distant scream of rage.
Duvessa, Sister of Dowan comes into view.
She is wielding a +2 short sword of speed.
Your Fighting skill increases to level 7!
Your Armour skill increases to level 7!
Your Shields skill increases to level 7!
You shoot a stone. The stone closely misses Duvessa.
Duvessa shouts!
Duvessa goes berserk!
Duvessa rages.
You hear a shout!
You shoot a stone. The stone barely misses Duvessa.
Duvessa rages.
You shoot a stone.
The stone hits Duvessa but does no damage.
Duvessa hits you with a +2 short sword of speed.
You shoot a stone. The stone hits Duvessa.
Duvessa is lightly wounded.
Duvessa barely misses you. You block Duvessa's attack.
Duvessa hits you with a +2 short sword of speed.
You shoot a stone. The stone hits Duvessa!
Duvessa is moderately wounded.
Duvessa hits you with a +2 short sword of speed! x2
Okay, then.
As you read the scroll labelled FIKUHYU DEUTWA, it crumbles to dust.
It is a scroll of amnesia.
You feel forgetful for a moment. You block Duvessa's attack.
A kobold comes into view. It is wielding a +0 short sword.
Duvessa hits you with a +2 short sword of speed!
* * * LOW HITPOINT WARNING * * *
Duvessa hits you with a +2 short sword of speed!!
You die...

.(.(... ..(.. ...
..(.. .....# ...
.....# ## .(.
.....# .. #.#
.#...## ####.
#(###.#.....
......##e##........
.......@...........
.......#.##...#....
.......#........>..
.......####..K##...
........<..#### ..
.......#.#.#
.......#.#.#
.......#.#.# ...
#.#.#


You could see Duvessa (berserk).

Vanquished Creatures
  Grinder (D:3)
  A necrophage (D:3)
  Dowan (D:4)
  Ijyb (D:3)
  Natasha (twice) (D:2)
  4 adders
  2 worms (D:2)
  A dart slug (D:1)
  An orc (D:3)
  2 ball pythons (D:2)
  8 endoplasms
  4 giant cockroaches
  3 hobgoblins (D:2)
  3 kobolds
  5 quokkas
  6 bats
  3 frilled lizards
  6 goblins
  5 rats
59 creatures vanquished.

Notes
Turn   | Place    | Note
-------+----------+-------------------------------------------
     0 | D:1      | DearestLeader the Gnoll Fighter began the quest for the
                  | Orb.
     0 | D:1      | Reached XP level 1. HP: 23/23 MP: 1/1
   146 | D:1      | Reached XP level 2. HP: 19/29 MP: 2/2
   805 | D:2      | Reached XP level 3. HP: 35/35 MP: 3/3
   819 | D:2      | Noticed Natasha
   832 | D:2      | Killed Natasha
   833 | D:2      | Reached skill level 1 in Short Blades
   833 | D:2      | Reached skill level 1 in Long Blades
   833 | D:2      | Reached skill level 1 in Maces & Flails
   833 | D:2      | Reached skill level 1 in Polearms
   833 | D:2      | Reached skill level 1 in Staves
   833 | D:2      | Reached skill level 1 in Slings
   833 | D:2      | Reached skill level 1 in Bows
   833 | D:2      | Reached skill level 1 in Crossbows
   833 | D:2      | Reached skill level 1 in Throwing
   833 | D:2      | Reached skill level 1 in Dodging
   833 | D:2      | Reached skill level 1 in Stealth
   833 | D:2      | Reached skill level 1 in Unarmed Combat
   833 | D:2      | Reached skill level 1 in Spellcasting
   833 | D:2      | Reached skill level 1 in Invocations
   833 | D:2      | Reached skill level 1 in Evocations
   884 | D:2      | Reached XP level 4. HP: 41/41 MP: 5/5
  1169 | D:2      | Noticed Natasha
  1188 | D:2      | Killed Natasha
  1189 | D:2      | Reached skill level 1 in Conjurations
  1189 | D:2      | Reached skill level 1 in Hexes
  1189 | D:2      | Reached skill level 1 in Summonings
  1189 | D:2      | Reached skill level 1 in Necromancy
  1189 | D:2      | Reached skill level 1 in Translocations
  1189 | D:2      | Reached skill level 1 in Transmutations
  1189 | D:2      | Reached skill level 1 in Fire Magic
  1189 | D:2      | Reached skill level 1 in Ice Magic
  1189 | D:2      | Reached skill level 1 in Air Magic
  1189 | D:2      | Reached skill level 1 in Earth Magic
  1189 | D:2      | Reached skill level 1 in Poison Magic
  1477 | D:2      | Identified the +4 hunting sling "Kuarghati" {vorpal, rN+
                  | Str+5 Dex+3}
  1817 | D:3      | Noticed Ijyb
  1839 | D:3      | Killed Ijyb
  1840 | D:3      | Reached XP level 5. HP: 14/47 MP: 5/7
  2100 | D:3      | Noticed Grinder
  2134 | D:3      | Paralysed by Grinder for 6 turns
  2141 | D:3      | Killed Grinder
  2142 | D:3      | Reached skill level 5 in Axes
  2142 | D:3      | Reached XP level 6. HP: 41/53 MP: 7/9
  2394 | D:3      | Noticed a necrophage
  2402 | D:3      | Killed a necrophage
  2641 | D:3      | Reached XP level 7. HP: 59/59 MP: 10/10
  2837 | D:4      | Noticed Dowan
  2842 | D:4      | Killed Dowan
  2842 | D:4      | Noticed Duvessa
  2849 | D:4      | Mangled by Duvessa

Illustrated notes

Levels and vault maps discovered:
D:1:      minmay_arrival_stone_box, layout_basic
D:2:      layout_basic, uniq_natasha
D:3:      layout_loops_ring, uniq_ijyb, uniq_grinder
D:4:      layout_basic, xom_confusion_cloud,
          riverfiend_overflow_shadow_ancestor, nicolae_overflow_squiral,
          serial_shops, shop_coins, uniq_duvessa, uniq_edmund

Skill      XL: |  1  2  3  4  5  6  7 |
---------------+----------------------+-----
Short Blades   | 1 2 |  2.3
Long Blades    | 1 2 |  2.3
Maces & Flails | 1 2 |  2.3
Polearms       | 1 2 |  2.3
Staves         | 1 2 |  2.3
Slings         | 1 2 |  2.3
Bows           | 1 2 |  2.3
Crossbows      | 1 2 |  2.3
Throwing       | 1 2 |  2.3
Dodging        | 1 2 |  2.3
Stealth        | 1 2 |  2.3
Unarmed Combat | 1 2 |  2.3
Spellcasting   | 1 2 |  2.3
Invocations    | 1 2 |  2.5
Evocations     | 1 2 |  2.3
Conjurations   | 1 |  1.9
Hexes          | 1 |  1.9
Summonings     | 1 |  1.9
Necromancy     | 1 |  1.9
Translocations | 1 |  1.9
Transmutations | 1 |  1.9
Fire Magic     | 1 |  1.9
Ice Magic      | 1 |  1.9
Air Magic      | 1 |  1.9
Earth Magic    | 1 |  1.9
Poison Magic   | 1 |  1.9
Axes           | 5 |  5.1
Fighting       | 7 |  7.0
Armour         | 7 |  7.0
Shields        | 7 |  7.0

Action                   |  1- 3 |  4- 6 |  7- 9 || total
-------------------------+-------+-------+-------++-------
Melee: War axe           |    72 |    82 |       ||   154
       Bite              |     7 |     8 |       ||    15
 Fire: Hunting sling     |       |    37 |    19 ||    56
  Use: Scroll            |       |       |     1 ||     1
Armor: Scale mail        |    22 |    48 |     3 ||    73
Dodge: Dodged            |    35 |    24 |     2 ||    61
Block: Buckler           |    22 |    26 |     4 ||    52
